 Dungeon Crawl Stone Soup version 0.22-a0-469-gf26638a (webtiles) character file.

105 inmateoo the Skirmisher (level 4, -1/42 HPs)
             Began as a Hill Orc Venom Mage on June 12, 2018.
             Killed from afar by an orc wizard (9 damage)
             ... with a puff of flame
             ... on level 3 of the Dungeon.
             The game lasted 00:02:39 (2084 turns).

inmateoo the Skirmisher (Hill Orc Venom Mage)       Turns: 2084, Time: 00:02:40

Health: -1/42      AC:  8    Str: 11    XL:     4   Next: 81%
Magic:  6/6        EV: 10    Int: 15    God:
Gold:   97         SH:  0    Dex: 11    Spells: 5/6 levels left

rFire    . . .     SeeInvis .   h - +2 dagger (venom)
rCold    . . .     Gourm    .   (no shield)
rNeg     . . .     Faith    .   e - +0 ring mail
rPois    .         Spirit   .   (no helmet)
rElec    .         Reflect  .   l - +0 cloak
rCorr    .         Harm     .   d - +0 pair of gloves
MR       .....                  i - +0 pair of boots
Stlth    ++........             (no amulet)
HPRegen  0.14/turn              f - ring of stealth
MPRegen  0.10/turn              (no ring)

@: no status effects
A: no striking features
a: no special abilities


You were on level 3 of the Dungeon.
You were not hungry.

You visited 1 branch of the dungeon, and saw 3 of its levels.

You collected 97 gold pieces.

Inventory:

Hand Weapons
 h - a +2 dagger of venom (weapon)
Armour
 d - a +0 pair of gloves (worn)
 e - a +0 ring mail (worn)
 i - a +0 pair of boots (worn)
 l - a +0 cloak (worn)
Jewellery
 f - a ring of stealth (left hand)
Scrolls
 a - 2 scrolls of identify {unknown}
 g - a scroll of remove curse {unknown}
 j - a scroll of enchant armour {unknown}
 k - a scroll of enchant weapon {unknown}
 n - a scroll of random uselessness {unknown}
Potions
 b - 3 potions of lignification {unknown}
 m - a potion of haste {unknown}
 o - a potion of resistance {unknown}
 q - 2 potions of invisibility {unknown}
Comestibles
 c - 7 rations
 p - 2 chunks of flesh


   Skills:
 + Level 5.1 Fighting
 - Level 1.5 Dodging
 - Level 1.5 Stealth
 - Level 1.5 Spellcasting
 - Level 1.0 Conjurations
 - Level 2.6 Poison Magic


You had 5 spell levels left.
You knew the following spells:

 Your Spells              Type           Power        Failure   Level  Hunger
a - Sting                 Conj/Pois      #...         26%         1    ##.....

Your spell library contained the following spells:

 Spells                   Type           Power        Failure   Level  Hunger
 Mephitic Cloud           Conj/Pois/Air  #.......     71%         3    ####...
 Venom Bolt               Conj/Pois      #.........   100%        5    ######.
 Olgreb's Toxic Radiance  Pois           #.......     88%         4    #####..
 Poisonous Vapours        Pois/Air       #.....       45%         2    ###....


Dungeon Overview and Level Annotations

Branches:
Dungeon (3/15)

Altars:


Message History

You closely miss something. Something hits you but does no damage.
You are too injured to fight recklessly!
You miss something. Something hits you but does no damage.
You are too injured to fight recklessly!
You barely miss something. Something hits you but does no damage.
You miss something.
You hear some strange, mumbled words.
A magic dart appears from out of thin air!
The magic dart hits you!
* * * LOW HITPOINT WARNING * * *
You are too injured to fight recklessly!
You hit something. Something hits you but does no damage.
Unknown command.
You miss something. Something hits you but does no damage.
Unknown command.
You closely miss something.
You hear some strange, mumbled words.
A puff of flame appears from out of thin air!
The puff of flame hits you!
You die...

.................#
.......#)........
.....#).........! ....
#.##((#.### ... ...###...#
.....### ##l.## ##### ##..#
#.)#### ##.l{@## #.##..####
#.....#....#
###.#.####.######
###########.#...........#
##...........######.#..###
##............######...##
#.)............##......####
.<................##......#


You could see a frilled lizard.

Vanquished Creatures
  Jessica (D:2)
  An adder (D:3)
  An ooze (D:3)
  A worm (D:2)
  3 dart slugs (D:1)
  3 orcs (D:3)
  2 giant cockroaches (D:3)
  9 goblins
  5 hobgoblins
  3 jackals (D:3)
  3 quokkas (D:2)
  A ball python (D:3)
  3 bats (D:1)
  2 frilled lizards
  4 kobolds
  10 rats
52 creatures vanquished.

Notes
Turn   | Place    | Note
-------+----------+-------------------------------------------
     0 | D:1      | inmateoo the Hill Orc Venom Mage began the quest for the Orb.
     0 | D:1      | Reached XP level 1. HP: 14/14 MP: 3/3
    15 | D:1      | Reached skill level 1 in Fighting
   309 | D:1      | Reached XP level 2. HP: 17/24 MP: 4/4
   361 | D:1      | Reached skill level 2 in Fighting
   773 | D:1      | Reached skill level 3 in Fighting
   788 | D:1      | Reached XP level 3. HP: 22/31 MP: 5/5
  1698 | D:2      | Noticed Jessica
  1717 | D:2      | Killed Jessica
  1717 | D:2      | Reached skill level 4 in Fighting
  1717 | D:2      | Reached XP level 4. HP: 27/41 MP: 6/6
  1767 | D:2      | Found a faded altar of an unknown god.
  2015 | D:3      | Reached skill level 5 in Fighting
  2084 | D:3      | Killed from afar by an orc wizard

Vault maps used:
D:1:      dpeg_arrival_court
D:2:      first_ration, chequers_ecumenical_altar_simple, uniq_jessica

Skill      XL: |  1  2  3  4 |
---------------+-------------+-----
Fighting       | 1 3 4 5 |  5.1
Dodging        | |  1.5
Stealth        | |  1.5
Spellcasting   | |  1.5
Conjurations   | |  1.0
Poison Magic   | |  2.6

Action                   |  1- 3 |  4- 6 || total
-------------------------+-------+-------++-------
Melee: Dagger            |   143 |    55 ||   198
       Unarmed           |     7 |       ||     7
 Cast: Sting             |     1 |       ||     1
 Stab: Sleeping          |     4 |     2 ||     6
  Eat: Chunk             |     2 |     2 ||     4
Armor: Robe              |     1 |       ||     1
       Ring mail         |    42 |    24 ||    66
Dodge: Dodged            |    66 |    19 ||    85

Table legend:
 A = Spawn XP
 B = Non-spawn XP
 C = Spawn XP percentage of total XP
 D = Spawn monster count
 E = Non-spawn monster count
 F = Spawn count percentage of total count
 G = Total turns spent on level
                    A         B        C        D         E        F      G
               +---------+---------+-------+---------+---------+-------+---------
         Total |       0 |     150 |   0.0 |       0 |      52 |   0.0 |  2084
               +---------+---------+-------+---------+---------+-------+---------
           D:1 |       0 |      46 |   0.0 |       0 |      24 |   0.0 |  1290
           D:2 |       0 |      55 |   0.0 |       0 |      10 |   0.0 |   553
           D:3 |       0 |      49 |   0.0 |       0 |      18 |   0.0 |   241
               +---------+---------+-------+---------+---------+-------+---------
